 Dungeon Crawl Stone Soup version 0.19.0-26-g9e9c210 (webtiles) character file.

560 Lochraine the Gusty (level 7, 0/75 HPs)
             Began as a Pale Draconian Air Elementalist on Nov 23, 2016.
             Was an Initiate of Vehumet.
             Succumbed to an orc wizard's poison
             ... on level 5 of the Dungeon.
             The game lasted 00:18:52 (5988 turns).

Lochraine the Gusty (DrAE)                          Turns: 5988, Time: 00:18:52

Health: 0/75       AC: 23    Str: 10    XL:     7   Next: 9%
Magic:  3/13       EV:  2    Int: 21    God:    Vehumet [......]
Gold:   156        SH:  0    Dex: 13    Spells: 4 memorised, 6 levels left

rFire  + . .     SeeInvis .     b - staff of conjuration
rCold  + . .     Gourm    .     (armour unavailable)
rNeg   + + +     Faith    .     (no shield)
rPois  +         Spirit   .     (helmet currently unavailable)
rElec  +         Reflect  .     (cloak currently unavailable)
rCorr  +         Harm     .     (gloves currently unavailable)
MR     .....     NoTele   +     (boots currently unavailable)
Stlth  ++........               (no amulet)
                                (no ring)
                                (no ring)

@: brilliant, lethally poisoned (0 -> -5), tree-form, resistant, very slightly
contaminated, hasted, very quick
A: (breathe steam), unfitting armour, (cold-blooded), AC +6
a: Renounce Religion


You were on level 5 of the Dungeon.
You worshipped Vehumet.
Vehumet was noncommittal.
You were hungry.
You were a tree.
You visited 2 branches of the dungeon, and saw 6 of its levels.

You collected 156 gold pieces.

Inventory:

Hand Weapons
 a - a +2 dagger of venom
 d - a +0 dagger
 o - a -1 mace
 s - a +2 flail of crushing
 x - a +0 falchion of slicing
Armour
 v - a +0 cloak (melded)
Magical Staves
 b - an uncursed staff of conjuration (weapon)
Wands
 e - a wand of digging (0/24)
Scrolls
 f - 2 scrolls of blinking
 h - 2 scrolls of teleportation
 m - 5 scrolls of identify
 q - a scroll of amnesia
 u - 2 scrolls of remove curse
Potions
 i - 2 potions of agility
 k - a potion of lignification
Books
 n - a book of Air

   Spells                             Type                      Level
   a - Shock                          Conjuration/Air              1
   b - Swiftness                      Charms/Air                   2
   c - Repel Missiles                 Charms/Air                   2
   d - Static Discharge               Conjuration/Air              3
   e - Lightning Bolt                 Conjuration/Air              5
Comestibles
 c - a beef jerky
 g - 3 meat rations
 p - 2 fruits
 w - 4 bread rations
 A - a chunk of flesh


   Skills:
 - Level 1.7 Dodging
 - Level 1.7 Stealth
 + Level 4.0 Spellcasting
 + Level 3.8 Conjurations
 - Level 2.2 Charms
 + Level 5.8 Air Magic


You had 6 spell levels left.
You knew the following spells:

 Your Spells              Type           Power        Failure   Level  Hunger
a - Shock                 Conj/Air       ####         1%          1    None
b - Swiftness             Chrm/Air       ####....     1%          2    #......
c - Repel Missiles        Chrm/Air       ####..       1%          2    #......
d - Static Discharge      Conj/Air       ######..     1%          3    ###....


Dungeon Overview and Level Annotations

Branches:
Dungeon (5/15)             Temple (1/1) D:4

Altars:
Ashenzari
Cheibriados
Dithmenos
Fedhas
Gozag
Hepliaklqana
Kikubaaqudgha
Makhleb
Nemelex Xobeh
Okawaru
Qazlal
Ru
Sif Muna
Trog
Uskayaw
Vehumet
Xom
Yredelemnul
Zin
The Shining One

Annotations:
D:3 dscm's ghost, weakling OpEE


Innate Abilities, Weirdness & Mutations

((You can breathe blasts of scalding, opaque steam.))
((Your pale cyan-grey scales are hard. (AC +6)))
You cannot fit into any form of body armour.
((You are cold-blooded and may be slowed by cold attacks.))


Message History

Press: ? - help, Shift-Dir - straight line You feel a surge of power!
The zap hits the crimson imp.
The crimson imp is almost dead.
* * * LOW HITPOINT WARNING * * *
You feel sick.
Casting: Shock
Confirm with . or Enter, or press ? or * to list all spells.
Aiming: Shock
Press: ? - help, Shift-Dir - straight line You feel a surge of power!
The zap hits the crimson imp.
You kill the crimson imp!
Vehumet accepts your kill.
Your Spellcasting skill increases to level 4!
There is a lethal amount of poison in your body!
Okay, then.
You cannot teleport because you are held in place by your roots.
Evoke which item? (* to show all) (? for menu, Esc to quit)
Okay, then.
You feel protected.
You die...

#. .#. #. #.. #. #.. #<
... ##### #.# ..... #.
..# #####
##...#.#################
....[.)♣...(............
##.##################.##
#.# #.# #.# #.# #.# #.##
#..#


There were no monsters in sight!

Vanquished Creatures
  A centaur (D:5)
  A howler monkey (D:4)
  A crimson imp (D:5)
  2 orc priests (D:4)
  4 orc wizards
  2 worker ants (D:4)
  4 adders
  An ooze (D:2)
  An adder zombie (D:5)
  5 worms (D:2)
  2 dart slugs
  2 leopard geckos
  20 orcs
  7 bats
  5 giant cockroaches
  9 goblins
  10 hobgoblins
  5 quokkas
  3 frilled lizards
  11 kobolds
  9 rats
105 creatures vanquished.

Notes
Turn   | Place    | Note
-------+----------+-------------------------------------------
     0 | D:1      | Lochraine the Draconian Air Elementalist began the quest for the Orb.
     0 | D:1      | Reached XP level 1. HP: 14/14 MP: 3/3
   380 | D:1      | Reached XP level 2. HP: 20/20 MP: 3/5
  1321 | D:1      | Reached XP level 3. HP: 23/26 MP: 2/6
  1845 | D:2      | Learned a level 2 spell: Swiftness
  2879 | D:2      | Reached XP level 4. HP: 29/33 MP: 5/7
  3069 | D:2      | Reached skill level 1 in Charms
  3115 | D:2      | Reached skill level 4 in Air Magic
  3424 | D:3      | Learned a level 2 spell: Repel Missiles
  3428 | D:3      | Learned a level 3 spell: Static Discharge
  3657 | D:3      | Noticed a sky beast
  3657 | D:3      | Noticed dscm's ghost (weakling OpEE)
  4199 | D:4      | Reached XP level 5. HP: 32/38 MP: 3/9
  4441 | D:4      | Reached XP level 6. HP: 7/45 MP: 0/10
  4767 | D:4      | Found a staircase to the Ecumenical Temple.
  4772 | Temple   | Entered the Ecumenical Temple
  4878 | Temple   | Became a worshipper of Vehumet
  5592 | D:5      | Entered Level 5 of the Dungeon
  5698 | D:5      | Reached skill level 5 in Air Magic
  5908 | D:5      | Found a snail-covered altar of Cheibriados.
  5910 | D:5      | Found a shadowy altar of Dithmenos.
  5911 | D:5      | Found a shattered altar of Ashenzari.
  5963 | D:5      | Your scales start taking on a pale cyan-grey colour.
  5963 | D:5      | Reached XP level 7. HP: 18/50 MP: 3/12
  5980 | D:5      | HP: 3/75 [poisoned by an orc wizard]
  5984 | D:5      | HP: 1/75 [poisoned by an orc wizard]
  5988 | D:5      | Succumbed to an orc wizard's poison

Skill      XL: |  1  2  3  4  5  6  7 |
---------------+----------------------+-----
Conjurations   | 2 3 |  3.8
Charms         | 1 2 |  2.2
Air Magic      | 4 5 |  5.8
Spellcasting   | 3 4 |  4.0
Dodging        | |  1.7
Stealth        | |  1.7

Action                   |  1- 3 |  4- 6 |  7- 9 || total
-------------------------+-------+-------+-------++-------
Melee: Dagger            |    54 |       |       ||    54
       Unarmed           |     2 |       |       ||     2
       Tailslap          |    11 |     9 |       ||    20
       Mace              |    44 |    94 |       ||   138
 Cast: Shock             |    56 |   101 |    11 ||   168
 Abil: Breathe Steam     |       |       |     1 ||     1
Evoke: Wand              |       |       |     1 ||     1
  Use: Scroll            |     2 |     6 |       ||     8
       Potion            |       |     4 |     7 ||    11
 Stab: Sleeping          |     3 |     5 |       ||     8
  Eat: Chunk             |     7 |    10 |       ||    17
Armor: Skin              |    39 |    53 |       ||    92
Dodge: Dodged            |    76 |   110 |       ||   186
